SNL (28 & UNDER)
GAINESVILLE GUIDOS @ NEW HAMPSHIRE FISHER CATS
04/15/2023
 
TOP OF THE 1ST
Gainesville Guidos batting - Pitching for New Hampshire Fisher Cats : RHP Jorge Flores
Pitching: RHP Jorge Flores
Batting: RHB Adrian Prouse 0-0: Foul Ball, location: 2F
0-1: Foul Ball, location: 2F
0-2: Ball
1-2: Fly out, F6 (Line Drive, 6)
Batting: RHB Fernando Mendoza 0-0: Called Strike
0-1: Ground out 6-3 (Groundball, 6)
Batting: RHB José Fernández 0-0: Called Strike
0-1: Ball
1-1: Swinging Strike
1-2: Foul Ball, location: 2F
1-2: Ball
2-2: Ball
3-2: Base on Balls
Batting: LHB Sergio Barrón 0-0: Fielders Choice at 2nd, U6 (Groundball, 6M)
Top of the 1st over - 0 run(s), 0 hit(s), 0 error(s), 1 left on base; Gainesville 0 - New Hampshire 0
BOTTOM OF THE 1ST
New Hampshire Fisher Cats batting - Pitching for Gainesville Guidos : RHP Dave Riley
Pitching: RHP Dave Riley
Batting: RHB Matt Silver 0-0: SINGLE (Flyball, 89M)
Batting: RHB José Hernández 0-0: Ball
1-0: Foul Ball, location: 2F
1-1: Foul Ball, location: 2F
1-2: Ball
2-2: Foul Ball, location: 2F
2-2: Foul Ball, location: 2F
2-2: Strikes out swinging
Batting: RHB Keith Ford 0-0: Called Strike
0-1: Ball
1-1: Foul Ball, location: 2F
1-2: Ball
Wild Pitch!
Matt Silver to second
2-2: SINGLE (Groundball, 56)
Matt Silver to third
Batting: LHB Gustavo Lozano 0-0: Foul Ball, location: 2F
0-1: Grounds into double play, 4-6-3 (Groundball, 34)
Bottom of the 1st over - 0 run(s), 2 hit(s), 0 error(s), 1 left on base; Gainesville 0 - New Hampshire 0
TOP OF THE 2ND
Gainesville Guidos batting - Pitching for New Hampshire Fisher Cats : RHP Jorge Flores
Batting: RHB Victor Andrews 0-0: Swinging Strike
0-1: Ball
1-1: SINGLE (Groundball, 6MD)
Batting: RHB Jason Saunders 0-0: Foul Ball, location: 2F
0-1: Ball
1-1: Foul Ball, location: 2F
1-2: Strikes out swinging
Pitching: RHP Aaron Abrams
Batting: RHB Pedro Mata 0-0: Called Strike
0-1: Called Strike
0-2: Fly out, F7 (Flyball, 7D)
Batting: LHB António Hernández 0-0: Called Strike
0-1: Ball
1-1: Ground out 3-1 (Groundball, 34)
Top of the 2nd over - 0 run(s), 1 hit(s), 0 error(s), 1 left on base; Gainesville 0 - New Hampshire 0
BOTTOM OF THE 2ND
New Hampshire Fisher Cats batting - Pitching for Gainesville Guidos : RHP Dave Riley
Batting: RHB Phil Matthews 0-0: SINGLE (Line Drive, 6D)
Batting: SHB Santiago Castro 0-0: Ball
1-0: Called Strike
1-1: Swinging Strike
1-2: Ground out 3-1 (Groundball, 34S)
Phil Matthews to second
Batting: SHB Shawn Davis 0-0: Ground out 4-3 (Groundball, 4)
Phil Matthews to third
Batting: RHB Scott Briggs 0-0: DOUBLE (Line Drive, 9LM)
Phil Matthews scores
Batting: RHB Brad French 0-0: Fly out, F3 (Popup, 3F)
Bottom of the 2nd over - 1 run(s), 2 hit(s), 0 error(s), 1 left on base; Gainesville 0 - New Hampshire 1
TOP OF THE 3RD
Gainesville Guidos batting - Pitching for New Hampshire Fisher Cats : RHP Aaron Abrams
Batting: RHB José Ortega 0-0: Ball
1-0: Swinging Strike
1-1: Called Strike
1-2: Strikes out swinging
Batting: RHB Adrian Prouse 0-0: Called Strike
0-1: Called Strike
0-2: Hit by Pitch
Batting: RHB Fernando Mendoza 0-0: Ball
Adrian Prouse is caught stealing 2nd base
1-0: Foul Ball, location: 2F
1-1: Ball
2-1: Foul Ball, location: 2F
2-2: Foul Ball, location: 2F
2-2: Ball
3-2: Base on Balls
Pitching: LHP Juan Arce
Batting: RHB José Fernández 0-0: Ball
1-0: Ball
2-0: Ball
3-0: Base on Balls
Fernando Mendoza to second
Batting: LHB Sergio Barrón 0-0: Ball
1-0: Foul Ball, location: 2F
1-1: Foul Ball, location: 2F
1-2: Strikes out swinging
Top of the 3rd over - 0 run(s), 0 hit(s), 0 error(s), 2 left on base; Gainesville 0 - New Hampshire 1
BOTTOM OF THE 3RD
New Hampshire Fisher Cats batting - Pitching for Gainesville Guidos : RHP Dave Riley
Batting: RHB Matt Silver 0-0: SINGLE (Groundball, 56D)
Batting: RHB José Hernández 0-0: Called Strike
0-1: Ball
1-1: Ball
2-1: Swinging Strike
2-2: Foul Ball, location: 2F
2-2: Fly out, F4 (Popup, 4MS)
Batting: RHB Keith Ford 0-0: Ball
1-0: Ball
2-0: Ball
3-0: Foul Ball, location: 2F
3-1: Swinging Strike
3-2: Strikes out looking
Batting: LHB Gustavo Lozano 0-0: Called Strike
0-1: Foul Ball, location: 2F
0-2: Ball
1-2: Fly out, F8 (Flyball, 8LD)
Bottom of the 3rd over - 0 run(s), 1 hit(s), 0 error(s), 1 left on base; Gainesville 0 - New Hampshire 1
TOP OF THE 4TH
Gainesville Guidos batting - Pitching for New Hampshire Fisher Cats : LHP Juan Arce
Batting: RHB Victor Andrews 0-0: Ground out 6-3 (Groundball, 6)
Batting: RHB Jason Saunders 0-0: Ball
1-0: Ball
2-0: Ball
3-0: Base on Balls
Batting: RHB Pedro Mata 0-0: Called Strike
0-1: Ball
1-1: SINGLE (Line Drive, 56D)
Jason Saunders to second
Batting: LHB António Hernández 0-0: Ball
1-0: Foul Ball, location: 2F
1-1: Ball
2-1: Foul Ball, location: 2F
2-2: Fielders Choice at 2nd, 1-4 (Groundball, 13S)
Jason Saunders to third
Pitching: RHP Ernesto Rivera
Batting: RHB José Ortega 0-0: Ball
1-0: Ball
Wild Pitch!
Jason Saunders scores
António Hernández to second
2-0: Swinging Strike
2-1: Fly out, F7 (Flyball, 78M)
Top of the 4th over - 1 run(s), 1 hit(s), 0 error(s), 1 left on base; Gainesville 1 - New Hampshire 1
BOTTOM OF THE 4TH
New Hampshire Fisher Cats batting - Pitching for Gainesville Guidos : RHP Dave Riley
Batting: RHB Phil Matthews 0-0: Called Strike
0-1: Ball
1-1: Ground out 1-3 (Groundball, 15S)
Batting: SHB Santiago Castro 0-0: Called Strike
0-1: Ball
1-1: DOUBLE (Groundball, 3L)
Batting: SHB Shawn Davis 0-0: Ground out 6-3 (Groundball, 6)
Batting: RHB Scott Briggs 0-0: Called Strike
0-1: Ball
1-1: Swinging Strike
1-2: Foul Ball, location: 2F
1-2: Foul Ball, location: 2F
1-2: Ball
2-2: Ground out 2-3 (Groundball, 2L)
Bottom of the 4th over - 0 run(s), 1 hit(s), 0 error(s), 1 left on base; Gainesville 1 - New Hampshire 1
TOP OF THE 5TH
Gainesville Guidos batting - Pitching for New Hampshire Fisher Cats : RHP Ernesto Rivera
Batting: RHB Adrian Prouse 0-0: Called Strike
0-1: Ball
1-1: Ball
2-1: Foul Ball, location: 2F
2-2: Ball
3-2: Strikes out looking
Batting: RHB Fernando Mendoza 0-0: Ball
1-0: Ball
2-0: Called Strike
2-1: Called Strike
2-2: Strikes out looking
Batting: RHB José Fernández 0-0: Called Strike
0-1: Ball
1-1: Ball
2-1: Foul Ball, location: 2F
2-2: Foul Ball, location: 2F
2-2: Foul Ball, location: 2F
2-2: Strikes out swinging
Top of the 5th over - 0 run(s), 0 hit(s), 0 error(s), 0 left on base; Gainesville 1 - New Hampshire 1
BOTTOM OF THE 5TH
New Hampshire Fisher Cats batting - Pitching for Gainesville Guidos : RHP Dave Riley
Batting: RHB Brad French 0-0: Foul Ball, location: 2F
0-1: Ball
1-1: Swinging Strike
1-2: Foul Ball, location: 2F
1-2: Ball
2-2: Strikes out swinging
Batting: RHB Matt Silver 0-0: Swinging Strike
0-1: Ball
1-1: Swinging Strike
1-2: Fly out, F7 (Flyball, 78M)
Batting: RHB José Hernández 0-0: Ball
1-0: Foul Ball, location: 2F
1-1: Swinging Strike
1-2: Foul Ball, location: 2F
1-2: Ball
2-2: Ground out 5-3 (Groundball, 5)
Bottom of the 5th over - 0 run(s), 0 hit(s), 0 error(s), 0 left on base; Gainesville 1 - New Hampshire 1
TOP OF THE 6TH
Gainesville Guidos batting - Pitching for New Hampshire Fisher Cats : RHP Ernesto Rivera
Pitching: RHP Armando Rodríguez
Batting: LHB Sergio Barrón 0-0: Foul Ball, location: 2F
0-1: Ball
1-1: Called Strike
1-2: Foul Ball, location: 2F
1-2: Ball
2-2: Foul Ball, location: 2F
2-2: Fly out, F7 (Line Drive, 8LS)
Batting: RHB Victor Andrews 0-0: Ball
1-0: Ground out 1-3 (Groundball, 13)
Batting: RHB Jason Saunders 0-0: Called Strike
0-1: Foul Ball, location: 2F
0-2: Ball
1-2: Strikes out swinging
Top of the 6th over - 0 run(s), 0 hit(s), 0 error(s), 0 left on base; Gainesville 1 - New Hampshire 1
BOTTOM OF THE 6TH
New Hampshire Fisher Cats batting - Pitching for Gainesville Guidos : RHP Dave Riley
Batting: RHB Keith Ford 0-0: Ball
1-0: Foul Ball, location: 2F
1-1: Called Strike
1-2: Ball
2-2: SINGLE (Line Drive, 8LS)
Batting: LHB Gustavo Lozano 0-0: Foul Ball, location: 2F
0-1: Ball
1-1: Swinging Strike
1-2: Ball
2-2: Foul Ball, location: 2F
2-2: Fielders Choice at 2nd, 4-6 (Groundball, 4)
Batting: RHB Phil Matthews 0-0: Ball
1-0: Foul Ball, location: 2F
1-1: Ball
2-1: Called Strike
2-2: Ball
3-2: Foul Ball, location: 2F
3-2: Foul Ball, location: 2F
3-2: Foul Ball, location: 2F
3-2: Foul Ball, location: 2F
3-2: Grounds into double play, 5-4-3 (Groundball, 56)
Bottom of the 6th over - 0 run(s), 1 hit(s), 0 error(s), 0 left on base; Gainesville 1 - New Hampshire 1
TOP OF THE 7TH
Gainesville Guidos batting - Pitching for New Hampshire Fisher Cats : RHP Armando Rodríguez
Pinch Hitting: LHB Ed Hart 0-0: Called Strike
0-1: Called Strike
0-2: Ball
1-2: Ball
2-2: Strikes out looking
Batting: LHB António Hernández 0-0: Ball
1-0: Foul Ball, location: 2F
1-1: Reached on error, E1 (Groundball, 13)
Pitching: LHP Roberto Ontiveros
Pinch Hitting: RHB Satoru Daikawa 0-0: Foul Ball, location: 2F
0-1: Swinging Strike
0-2: Ball
1-2: Ball
2-2: Foul Ball, location: 2F
2-2: Foul Ball, location: 2F
2-2: Strikes out looking
Batting: RHB Adrian Prouse 0-0: Ball
1-0: Ball
2-0: Ball
3-0: Called Strike
3-1: Swinging Strike
3-2: Base on Balls
António Hernández to second
Batting: RHB Fernando Mendoza 0-0: Called Strike
0-1: SINGLE (Line Drive, 6MD)
António Hernández to third
Adrian Prouse to second
Runner from 3rd tries for Home, throw and OUT!
Top of the 7th over - 0 run(s), 1 hit(s), 1 error(s), 2 left on base; Gainesville 1 - New Hampshire 1
BOTTOM OF THE 7TH
New Hampshire Fisher Cats batting - Pitching for Gainesville Guidos : RHP Dave Riley
Pitching: RHP Juan Patino
Now at 2B: Mark Owens
Now in LF: Ed Hart
Pinch Hitting: RHB José Díaz 0-0: Fly out, F5 (Line Drive, 5S)
Batting: SHB Shawn Davis 0-0: Ball
1-0: Swinging Strike
1-1: Swinging Strike
1-2: Ground out 4-3 (Groundball, 4)
Pinch Hitting: RHB César Encarnación 0-0: Called Strike
0-1: Ball
1-1: Foul Ball, location: 2F
1-2: Ball
2-2: Foul Ball, location: 2F
2-2: Strikes out swinging
Bottom of the 7th over - 0 run(s), 0 hit(s), 0 error(s), 0 left on base; Gainesville 1 - New Hampshire 1
TOP OF THE 8TH
Gainesville Guidos batting - Pitching for New Hampshire Fisher Cats : LHP Roberto Ontiveros
Now at 3B: César Encarnación
Now at SS: José Díaz
Batting: RHB José Fernández 0-0: Ball
1-0: Ball
2-0: SINGLE (Groundball, 56D)
Batting: LHB Sergio Barrón 0-0: Ball
1-0: Ground out 3-1 (Groundball, 34)
José Fernández to second
Batting: RHB Victor Andrews 0-0: Intentional Walk
Pitching: RHP José Romano
Pinch Hitting: LHB David Murphy 0-0: Ball
1-0: Called Strike
1-1: Ball
2-1: Called Strike
2-2: Strikes out looking
Batting: LHB Ed Hart 0-0: Foul Ball, location: 2F
0-1: Ball
1-1: Called Strike
1-2: Fielders Choice at 2nd, U6 (Groundball, 6M)
Top of the 8th over - 0 run(s), 1 hit(s), 0 error(s), 2 left on base; Gainesville 1 - New Hampshire 1
BOTTOM OF THE 8TH
New Hampshire Fisher Cats batting - Pitching for Gainesville Guidos : RHP Juan Patino
Now at SS: Juan Carlos Alfonzo
Batting: RHB Brad French 0-0: Called Strike
0-1: Foul Ball, location: 2F
0-2: Strikes out swinging
Batting: RHB Matt Silver 0-0: Ball
1-0: Ball
2-0: Ball
3-0: Base on Balls
Batting: RHB José Hernández 0-0: Ball
1-0: Ground out 5-3 (Groundball, 5S)
Matt Silver to second
Batting: RHB Keith Ford 0-0: Ball
1-0: Swinging Strike
1-1: Foul Ball, location: 2F
1-2: Fly out, F6 (Popup, 4M)
Bottom of the 8th over - 0 run(s), 0 hit(s), 0 error(s), 1 left on base; Gainesville 1 - New Hampshire 1
TOP OF THE 9TH
Gainesville Guidos batting - Pitching for New Hampshire Fisher Cats : RHP José Romano
Pitching: LHP Carlos Berru
Pinch Hitting: RHB Kurt Walter 0-0: Ball
1-0: Foul Ball, location: 2F
1-1: Ball
2-1: Swinging Strike
2-2: Strikes out looking
Batting: LHB Mark Owens 0-0: Called Strike
0-1: Ball
1-1: Ball
2-1: Foul Ball, location: 2F
2-2: Ball
3-2: Base on Balls
Batting: RHB Adrian Prouse 0-0: Swinging Strike
0-1: Foul Ball, location: 2F
0-2: Ball
1-2: Foul Ball, location: 2F
1-2: Foul Ball, location: 2F
1-2: Ball
2-2: Foul Ball, location: 2F
2-2: 2-RUN HOME RUN (Line Drive, 7D), Distance : 409 ft
Batting: RHB Fernando Mendoza 0-0: Ball
1-0: Foul Ball, location: 2F
1-1: Ball
2-1: Fly out, F7 (Flyball, 7M)
Batting: RHB José Fernández 0-0: Foul Ball, location: 2F
0-1: Ball
1-1: Ball
2-1: Ball
3-1: Base on Balls
Batting: LHB Sergio Barrón 0-0: Swinging Strike
0-1: Foul Ball, location: 2F
0-2: Strikes out looking
Top of the 9th over - 2 run(s), 1 hit(s), 0 error(s), 1 left on base; Gainesville 3 - New Hampshire 1
BOTTOM OF THE 9TH
New Hampshire Fisher Cats batting - Pitching for Gainesville Guidos : RHP Juan Patino
Pitching: LHP Luis López
Now in RF: Kurt Walter
Batting: LHB Gustavo Lozano 0-0: Ball
1-0: SINGLE (Flyball, 7LS)
Batting: RHB Phil Matthews 0-0: Ball
1-0: Fielders Choice at 2nd, 3-6 (Groundball, 3)
Pinch Hitting: RHB Billy Campbell 0-0: DOUBLE (Line Drive, 9LM)
Phil Matthews to third
Batting: SHB Shawn Davis 0-0: Ball
1-0: Called Strike
1-1: Ball
2-1: Swinging Strike
2-2: Strikes out looking
Batting: RHB César Encarnación 0-0: Fly out, F3 (Popup, 3SF)
Bottom of the 9th over - 0 run(s), 2 hit(s), 0 error(s), 2 left on base; Gainesville 3 - New Hampshire 1
This league is powered by Out of the Park Baseball, the baseball management simulation game for PC, Mac and Linux
Wednesday, December 2nd, 2015 - OOTP Baseball 16.8 Build 38